 Dungeon Crawl Stone Soup version 0.21.1-1-g345015f (webtiles) character file.

208418 letownia2 the Devastator (level 18, -4/111 HPs)
             Began as a Tengu Wizard on Mar 6, 2018.
             Was the Champion of Cheibriados.
             Slain by a ghost moth (6 damage)
             ... on level 4 of the Spider Nest on Mar 8, 2018.
             The game lasted 02:39:01 (17341 turns).

letownia2 the Devastator (Tengu Wizard)            Turns: 17341, Time: 02:39:02

Health: -4/111     AC:  7    Str: 27 (29) XL:     18   Next: 78%
Magic:  2/34       EV: 24    Int: 39 (40) God:    Cheibriados [******]
Gold:   1469       SH:  7    Dex: 32      Spells: 2/40 levels left

rFire    . . .     SeeInvis .   B - +7 scimitar of Yredelemnul's Delight {vamp, rPois}
rCold    + . .     Gourm    .   x - +0 buckler
rNeg     + + +     Faith    +   A - +1 plate armour of Feasting {rElec rN++ Str+2}
rPois    +         Spirit   .   Q - +1 hat
rElec    +         Reflect  .   n - +0 cloak
rCorr    .         Harm     .   z - +1 pair of gloves {Dex+3}
MR       ++...                  (boots unavailable)
Stlth    ..........             E - amulet of faith
HPRegen  0.28/turn              p - ring of Dotemag {rC+ rN+ Str+4}
MPRegen  0.24/turn              J - ring of protection from magic

@: corroded, flying quickly and evasively, very slow
A: beak, talons 3, able to fly 2
}: 1/15 runes: decaying
a: Stop Flying, Bend Time, Temporal Distortion, Slouch, Step From Time, Renounce
Religion


You were on level 4 of the Spider Nest.
You worshipped Cheibriados.
Cheibriados was exalted by your worship.
You were not hungry.

You visited 6 branches of the dungeon, and saw 35 of its levels.
You also visited: Labyrinth and Ice Cave.

You collected 2560 gold pieces.
You spent 1091 gold pieces at shops.

Inventory:

Hand Weapons
 b - the +7 spear of Exiom {freeze, +Blink rF+ MR+}
   (You found it on level 9 of the Dungeon)

   It has been specially enchanted to freeze those struck by it, causing extra
   injury to most foes and up to half again as much damage against particularly
   susceptible opponents.
   It can also slow down cold-blooded creatures.
   It protects you from fire.
   It affects your resistance to hostile enchantments.
   It lets you blink.
 c - a +1 blowgun
 w - a +0 rapier of electrocution
 B - the +7 scimitar of Yredelemnul's Delight (weapon) {vamp, rPois}
   (You found it in an ice cave)

   It inflicts no extra harm, but heals its wielder when it wounds a living foe.
   It protects you from poison.
Missiles
 W - 38 poisoned needles
Armour
 n - a +0 cloak (worn)
 x - a +0 buckler (worn)
 z - a +1 pair of gloves of dexterity (worn)
 A - the +1 plate armour of Feasting (worn) {rElec rN++ Str+2}
   (You bought it in a shop on level 2 of the Orcish Mines)

   It affects your strength (+2).
   It insulates you from electricity.
   It greatly protects you from negative energy.
 M - the +2 pair of gloves of Kleptomania {rC- rCorr Int+3 Stlth+}
   (You acquired it on level 2 of the Vaults)

   It affects your intelligence (+3).
   It makes you vulnerable to cold.
   It protects you from acid and corrosion.
   It makes you more stealthy.
 O - +0 fire dragon scales
 Q - a +1 hat (worn)
Magical Staves
 T - an uncursed staff of wizardry
Jewellery
 p - the ring of Dotemag (left hand) {rC+ rN+ Str+4}
   (You found it on level 6 of the Lair of Beasts)

   [ring of positive energy]

   It affects your strength (+4).
   It protects you from cold.
   It protects you from negative energy.
 v - an uncursed ring of poison resistance
 E - an amulet of faith (around neck)
 J - a ring of protection from magic (right hand)
 K - an uncursed ring of positive energy
 S - an uncursed ring of protection from cold
 U - an uncursed ring of wizardry
Wands
 g - a wand of scattershot (4)
 o - a wand of iceblast (3)
 r - a wand of flame (18)
 s - a wand of acid (4)
 R - a wand of digging (10)
 X - a wand of disintegration (28)
Scrolls
 h - a scroll of teleportation
 k - 3 scrolls of summoning
 m - 2 scrolls of amnesia
 t - a scroll of magic mapping
 u - 8 scrolls of remove curse
 D - 2 scrolls of identify
 F - 2 scrolls of immolation
 G - 4 scrolls of enchant armour
 H - a scroll of holy word
 L - 3 scrolls of torment
 N - a scroll of blinking
 V - a scroll of fog
Potions
 e - 3 potions of agility
 f - a potion of brilliance {unknown}
 i - a potion of mutation
 j - a potion of magic
 l - a potion of cancellation
 q - 2 potions of resistance
 C - 3 potions of lignification
 Y - a potion of might
Miscellaneous
 y - a lightning rod (4/4)
 Z - a fan of gales
Comestibles
 d - 42 rations


   Skills:
 - Level 11.7 Fighting
 - Level 9.2 Long Blades
 - Level 8.4 Armour
 - Level 12.8 Dodging
 - Level 2.0 Stealth
 - Level 4.1 Shields
 + Level 11.7 Spellcasting
 + Level 18.3 Conjurations
 - Level 7.6 Charms
 - Level 2.1 Summonings
 - Level 2.4 Translocations
 - Level 2.1 Fire Magic
 - Level 14.8 Air Magic
 - Level 1.8 Earth Magic
 - Level 1.2 Poison Magic
 - Level 10.4 Invocations


You had 2 spell levels left.
You knew the following spells:

 Your Spells              Type           Power        Failure   Level  Hunger
a - Magic Dart            Conj           ####         0%          1    None
b - Blink                 Tloc           N/A          9%          2    None
c - Conjure Flame         Conj/Fire      #######.     1%          3    None
d - Stone Arrow           Conj/Erth      ######       1%          3    None
e - Mephitic Cloud        Conj/Pois/Air  #######.     1%          3    None
f - Call Imp              Summ           #####...     10%         2    None
j - Conjure Ball Lightni  Conj/Air       ########..   2%          6    ###....
l - Summon Lightning Spi  Summ/Air       ######..     4%          4    None
r - Deflect Missiles      Chrm/Air       #######...   22%         6    ###....
w - Passwall              Tmut/Erth      ####......   16%         2    None
z - Summon Butterflies    Summ           #####...     6%          1    None
I - Silence               Hex/Air        ######....   21%         5    None


Dungeon Overview and Level Annotations

Branches:
Dungeon (15/15)            Temple (0/1) D:7            Lair (6/6) D:10
  Swamp (4/4) Lair:4       Spider (4/4) Lair:3        Slime (0/5) Lair:6
    Orc (2/2) D:12            Elf (0/3) Orc:2        Vaults (4/5) D:13
 Depths (0/5) D:15
  Crypt: Vaults:2-3

Altars:
Cheibriados
Makhleb
Nemelex Xobeh
Trog
Wu Jian
Xom
Beogh

Shops:
D:9 (   Orc:2 [[(*

Annotations:
D:3 Mirai's ghost, amateur HOFi
D:4 letownia2's ghost, amateur TeWz


Innate Abilities, Weirdness & Mutations

You have a beak for a mouth.
You have claws for feet.
You can fly continuously.


Message History

Something stings you but does no damage.
You hit something but do no damage. Your kick misses something.
Something closely misses you. Something hits you!
* * * LOW HITPOINT WARNING * * *
You feel weakened. Something closely misses you.
You feel you are being watched by something.
You feel your power leaking away. Something hits you but does no damage.
You block something's attack. Something stings you.
* * * LOW HITPOINT WARNING * * *
Unknown command.
Unknown command.
You miss something. You claw something. You peck something.
You feel you are being watched by something.
You feel your power leaking away. Something hits you!
* * * LOW HITPOINT WARNING * * *
Something closely misses you. Something stings you.
You die...

...............≈.^...#####..^..^.
†...............^...≈^..≈≈..#####
†......^......................≈..
.............^≈^^.....^..........
........sa...#####..^...........^
.........s...# ####.≈.......^#
.............# #####..^...#
..#..........##### ###.^..#
(.............#(@# ######
...............(.#
...(..........§..#
.......#.....§§..#
......###^....^..# ...#.##
##......## .^### ##....## .##
#...^# ## #....##


There were no monsters in sight!

Vanquished Creatures
  Nikola (Spider:3)
  Rupert (D:13)
  Frances (Spider:2)
  A sphinx (Vaults:4)
  A thorn hunter (Swamp:2)
  A tengu reaver (Vaults:4)
  3 ghost moths (Spider:4)
  A frost giant (IceCv)
  2 emperor scorpions (Spider:4)
  2 vault wardens
  2 ironheart preservers
  2 stone giants
  4 entropy weavers
  A very ugly thing (Swamp:4)
  2 spark wasps (Spider:4)
  Snorg (D:12)
  2 fire dragons
  A rakshasa (Vaults:2)
  An ice dragon (Vaults:3)
  20 hydras
  7 vault guards
  A centaur warrior (D:15)
  A ghost crab (Swamp:4)
  3 ogre magi
  A vampire mage (D:15)
  A deep troll shaman (Vaults:4)
  4 alligators (Swamp:4)
  A deep troll earth mage (Vaults:4)
  12 two-headed ogres
  3 deep elf knights
  Nergalle (Lair:1)
  A spark wasp zombie (D:15)
  A skeletal warrior (D:15)
  The ghost of tidbits the Insei, a novice GnTm of Cheibriados (D:8)
  An unseen horror (D:12)
  4 deep trolls (Vaults:4)
  7 spriggan druids
  A shambling mangrove (Swamp:2)
  11 swamp dragons
  A lindwurm (Lair:6)
  A deep elf archer (Vaults:4)
  6 orc knights
  2 ironbrand convokers
  33 wolf spiders
  2 orc sorcerers
  A manticore (D:14)
  15 orb spiders
  3 deep elf magi (Vaults:4)
  2 ugly things
  2 cyclopes
  3 centaur zombies
  A frost giant skeleton (D:15)
  The ghost of Baghtru the Magician, a novice DEWz of Vehumet (D:7)
  7 torpor snails
  4 black mambas
  2 vault sentinels (Vaults:2)
  An ice statue (IceCv)
  9 spiny frogs
  Psyche (D:9)
  11 demonic crawlers
  2 gargoyles
  A kobold demonologist (D:13)
  6 yaktaurs
  3 komodo dragons
  35 jumping spiders
  6 trolls
  A troll (shapeshifter) (Vaults:1)
  4 rime drakes
  18 polar bears
  17 hornets
  5 bog bodies
  3 tyrant leeches
  18 slime creatures
  8 hippogriffs
  18 blink frogs
  63 redbacks
  4 spriggans
  A vampire (D:13)
  25 tarantellas
  A wyvern (D:10)
  A basilisk (shapeshifter) (Vaults:4)
  63 yaks
  3 wraiths
  A human (D:13)
  A basilisk (Lair:5)
  A steam dragon (Lair:6)
  A hungry ghost (D:12)
  Menkaure (D:4)
  9 insubstantial wisps
  19 swamp worms
  7 wargs
  6 vampire mosquitoes
  3 acid dragons (Lair:6)
  4 water moccasins
  A soldier ant (D:12)
  6 porcupines
  An ice beast (D:13)
  22 swamp drakes
  27 orc warriors
  A black bear (D:11)
  A hornet zombie (D:7)
  10 ogres
  2 sky beasts
  32 wolves
  6 centaurs
  12 crocodiles
  A yaktaur zombie (D:15)
  2 big kobolds
  11 bullfrogs
  2 wyvern zombies
  A wyvern skeleton (D:8)
  3 scorpions
  3 electric eels
  5 crimson imps
  A quasit (D:13)
  23 orc priests
  3 bullfrog skeletons
  4 centaur skeletons
  2 hounds
  4 jellies
  25 orc wizards
  7 iguanas
  7 worker ants
  A killer bee zombie (D:9)
  2 worker ant zombies
  2 howler monkey skeletons
  7 adders
  3 shadow imps
  An ooze (D:4)
  An adder skeleton (D:5)
  An adder zombie (D:10)
  4 worms
  A dart slug (D:1)
  3 leopard geckos
  95 orcs
  A ball python (D:1)
  6 bats
  5 giant cockroaches
  4 goblins
  3 hobgoblins
  7 jackals
  3 quokkas
  A jackal zombie (D:6)
  12 kobolds
  2 quokka skeletons
  2 rats
  3 briar patches (Swamp:4)
  2 bushes (Lair:5)
  2 fungi (Lair:4)
978 creatures vanquished.

Vanquished Creatures (collateral kills)
  Arachne (Spider:2)
  A thorn hunter (Swamp:4)
  An orc warlord (Orc:2)
  An emperor scorpion (Spider:4)
  Aizul (Spider:1)
  2 entropy weavers (Spider:1)
  A minotaur (Lab)
  A fire dragon (Lair:6)
  A vault guard (Vaults:4)
  3 hydras
  A catoblepas (Lair:6)
  2 two-headed ogres
  An ogre mage (D:13)
  An orc high priest (Orc:2)
  2 ball lightnings
  A lindwurm (Lair:6)
  An orb spider (Spider:2)
  A wolf spider (Lair:6)
  A manticore (D:12)
  A moth of wrath (Spider:4)
  A rime drake (Lair:6)
  A komodo dragon (Lair:5)
  A demonic crawler (Spider:1)
  4 jumping spiders
  A troll (Orc:2)
  2 tyrant leeches (Lair:6)
  3 hornets
  3 slime creatures (D:12)
  3 blink frogs
  A hippogriff (Lair:5)
  9 redbacks
  A tarantella (Spider:4)
  2 wraiths (D:12)
  13 yaks
  A basilisk (Lair:6)
  A water moccasin (D:12)
  9 orc warriors
  A swamp drake (Lair:6)
  2 ogres
  2 wolves (Lair:6)
  A crocodile (Lair:5)
  A big kobold (D:13)
  3 bullfrogs
  2 orc priests
  3 orc wizards
  An iguana (Lair:6)
  11 orcs
  4 kobolds (D:13)
  A briar patch (Swamp:4)
  A plant (Lair:6)
114 creatures vanquished.

Vanquished Creatures (others)
  A spriggan druid (Swamp:3)
  74 ball lightnings
  2 wolf spiders
  A spiny frog (Swamp:4)
  A demonic crawler (Spider:3)
  A jumping spider (Spider:3)
  A spriggan (Swamp:4)
  A redback (Spider:4)
  A tarantella (Spider:4)
  A sky beast (D:15)
  3 briar patches (Swamp:3)
  10 fungi
  23 plants (Lair:6)
120 creatures vanquished.

Grand Total: 1212 creatures vanquished

Notes
Turn   | Place    | Note
-------+----------+-------------------------------------------
     0 | D:1      | letownia2 the Tengu Wizard began the quest for the Orb.
     0 | D:1      | Reached XP level 1. HP: 10/10 MP: 5/5
    29 | D:1      | Reached skill level 2 in Conjurations
    93 | D:1      | Reached XP level 2. HP: 8/15 MP: 0/7
   111 | D:1      | Reached skill level 3 in Conjurations
   172 | D:1      | Learned a level 2 spell: Call Imp
   355 | D:2      | Reached XP level 3. HP: 4/19 MP: 3/8
   447 | D:3      | Reached skill level 4 in Conjurations
   488 | D:3      | Learned a level 3 spell: Mephitic Cloud
   527 | D:3      | Reached skill level 5 in Conjurations
   527 | D:3      | Reached XP level 4. HP: 5/24 MP: 2/9
   582 | D:3      | Noticed Mirai's ghost (amateur HOFi)
   606 | D:4      | Noticed letownia2's ghost (amateur TeWz)
   703 | D:3      | Reached skill level 1 in Air Magic
   842 | D:3      | Found a faded altar of an unknown god.
   898 | D:4      | Gained mutation: You can fly. [Tengu growth]
   898 | D:4      | Reached XP level 5. HP: 14/28 MP: 2/10
   931 | D:4      | Learned a level 3 spell: Conjure Flame
   932 | D:4      | Noticed Menkaure
   937 | D:4      | Killed Menkaure
   937 | D:4      | Reached skill level 1 in Fighting
   937 | D:4      | Reached skill level 1 in Armour
   937 | D:4      | Reached skill level 1 in Fire Magic
   937 | D:4      | Reached XP level 6. HP: 8/34 MP: 3/11
   955 | D:4      | Found a snail-covered altar of Cheibriados.
   999 | D:4      | Became a worshipper of Cheibriados the Contemplative
  1013 | D:5      | Entered Level 5 of the Dungeon
  1173 | D:5      | Learned a level 2 spell: Blink
  1197 | D:5      | Reached skill level 1 in Translocations
  1337 | D:5      | Reached skill level 6 in Conjurations
  1364 | D:5      | Reached * piety under Cheibriados
  1364 | D:5      | Reached skill level 1 in Poison Magic
  1364 | D:5      | Reached XP level 7. HP: 19/40 MP: 2/12
  1698 | D:7      | Found a staircase to the Ecumenical Temple.
  1711 | D:7      | Noticed Baghtru's ghost (novice DEWz)
  1736 | D:6      | Found a shimmering altar of Xom.
  1736 | D:6      | Found a burning altar of Makhleb.
  1794 | D:6      | Found a sparkling altar of Nemelex Xobeh.
  1873 | D:6      | Reached skill level 7 in Conjurations
  1905 | D:5      | Reached XP level 8. HP: 22/46 MP: 2/14
  1914 | D:5      | Learned a level 1 spell: Sandblast
  2004 | D:7      | Killed Baghtru's ghost
  2004 | D:7      | Reached skill level 1 in Earth Magic
  2027 | D:7      | Reached skill level 8 in Conjurations
  2070 | D:7      | Learned a level 2 spell: Passwall
  2167 | D:7      | Learned a level 1 spell: Sandblast
  2172 | D:7      | Learned a level 3 spell: Stone Arrow
  2250 | D:8      | Noticed tidbits's ghost (novice GnTm)
  2348 | D:7      | Reached ** piety under Cheibriados
  2391 | D:7      | Reached skill level 9 in Conjurations
  2666 | D:7      | Reached skill level 10 in Conjurations
  2666 | D:7      | Reached XP level 9. HP: 22/51 MP: 7/17
  3143 | D:8      | Reached skill level 5 in Spellcasting
  3143 | D:8      | Reached skill level 1 in Invocations
  3216 | D:9      | Noticed Psyche
  3231 | D:9      | Killed Psyche
  3334 | D:8      | Reached *** piety under Cheibriados
  3334 | D:8      | Reached skill level 5 in Dodging
  3364 | D:8      | Got an emerald-encrusted scale mail
  3382 | D:8      | Identified the +5 scale mail "Rage Fud" {rC+} (You found it on level 8 of the Dungeon)
  3395 | D:9      | Found Luiked's Antique Weapon Boutique.
  3403 | D:9      | Bought a slimy morningstar for 279 gold pieces
  3403 | D:9      | Identified the +3 morningstar of Bink {pain, rC+} (You bought it in a shop on level 9 of the Dungeon)
  3436 | D:8      | Killed tidbits's ghost
  3436 | D:8      | Reached XP level 10. HP: 50/56 MP: 8/18
  3493 | D:8      | Found a bloodstained altar of Trog.
  3519 | D:8      | Noticed a cyclops
  3534 | D:8      | Killed a cyclops
  3534 | D:8      | Reached skill level 5 in Armour
  3534 | D:8      | Reached skill level 5 in Invocations
  3797 | D:9      | Got a polished spear
  3804 | D:9      | Identified the +7 spear of Exiom {freeze, +Blink rF+ MR+} (You found it on level 9 of the Dungeon)
  3885 | D:10     | Entered Level 10 of the Dungeon
  3931 | D:10     | Found a staircase to the Lair.
  3941 | D:10     | Reached **** piety under Cheibriados
  4177 | D:11     | Found an ornate altar of the Wu Jian Council.
  4215 | D:11     | Reached XP level 11. HP: 58/60 MP: 19/21
  4280 | D:11     | Reached ***** piety under Cheibriados
  4469 | Lair:1   | Entered Level 1 of the Lair of Beasts
  4470 | Lair:1   | Noticed Nergalle
  4510 | Lair:1   | Killed Nergalle
  4660 | Lair:1   | Learned a level 4 spell: Summon Lightning Spire
  4788 | Lair:1   | Got an ancient leather armour
  4839 | Lair:1   | Identified the +1 leather armour "Xexkou" {rElec Dex-2 Stlth+} (You found it on level 1 of the Lair of Beasts)
  5084 | Lair:3   | Reached ****** piety under Cheibriados
  5121 | Lair:3   | Reached skill level 5 in Air Magic
  5177 | Lair:3   | Reached XP level 12. HP: 33/65 MP: 13/25
  5387 | Lair:6   | Entered Level 6 of the Lair of Beasts
  5446 | Lair:5   | Noticed a seven-headed hydra
  5450 | Lair:5   | Noticed a four-headed hydra
  5457 | Lair:5   | Killed a seven-headed hydra
  5462 | Lair:5   | Killed a four-headed hydra
  5682 | Lair:6   | Reached skill level 5 in Fighting
  5736 | Lair:6   | Noticed a catoblepas
  5748 | Lair:6   | Killed a catoblepas
  5811 | Lair:6   | Found a staircase to the Slime Pits.
  5812 | Lair:6   | Noticed a seven-headed hydra
  5820 | Lair:6   | Killed a seven-headed hydra
  6243 | Lair:6   | Noticed a fire dragon
  6306 | Lair:6   | Killed a fire dragon
  6306 | Lair:6   | Reached XP level 13. HP: 30/76 MP: 23/26
  6424 | Lair:6   | Found a runed door.
  6653 | Lair:6   | Got a pitted silver ring
  6655 | Lair:6   | Identified the ring of Dotemag {rC+ rN+ Str+4} (You found it on level 6 of the Lair of Beasts)
  6748 | Lair:6   | Noticed a fire dragon
  6757 | Lair:6   | Killed a fire dragon
  6902 | Lair:3   | Found a hole to the Spider Nest.
  7431 | D:12     | Reached skill level 10 in Dodging
  7484 | D:12     | Noticed Snorg
  7493 | D:12     | Killed Snorg
  7655 | D:12     | Found a staircase to the Orcish Mines.
  7754 | D:13     | Found a labyrinth entrance.
  7771 | Lab      | Entered a labyrinth
  7953 | Lab      | Noticed a minotaur
  7958 | Lab      | Killed a minotaur
  7966 | Lab      | Found the +9 staff of Olgreb {rPois}
  8032 | D:13     | Found a frozen archway.
  8041 | IceCv    | Entered an ice cave
  8311 | IceCv    | Reached skill level 10 in Fighting
  8455 | IceCv    | Gained mutation: You can fly continuously. [Tengu growth]
  8455 | IceCv    | Reached XP level 14. HP: 82/88 MP: 22/27
  8741 | IceCv    | Noticed a frost giant
  8835 | IceCv    | Killed a frost giant
  8875 | IceCv    | Got a crystal scimitar
  8915 | D:13     | Identified the +7 scimitar of Yredelemnul's Delight {vamp, rPois} (You found it in an ice cave)
  8962 | D:13     | Learned a level 5 spell: Silence
  8979 | D:13     | Noticed Rupert
  8994 | D:13     | Killed Rupert
  9165 | D:12     | Reached skill level 10 in Air Magic
  9238 | Orc:1    | Entered Level 1 of the Orcish Mines
  9436 | Orc:2    | Entered Level 2 of the Orcish Mines
  9436 | Orc:2    | Found Gagume's Antique Armour Emporium.
  9515 | Orc:2    | Found a staircase to the Elven Halls.
  9553 | Orc:2    | Found a roughly hewn altar of Beogh.
  9613 | Orc:2    | Found a roughly hewn altar of Beogh.
  9627 | Orc:2    | Found Uneakept's Assorted Antiques.
  9633 | Orc:2    | Bought a fuming black potion for 28 gold pieces
  9870 | Orc:2    | Found the +5 pair of quick blades "Gyre" and "Gimble" {pierce, Dex-3}
  9934 | Orc:2    | Noticed an orc warlord
  9957 | Orc:2    | Killed an orc warlord
 10042 | Orc:2    | Found Ymulukko's Antique Weapon Boutique.
 10043 | Orc:2    | Found a roughly hewn altar of Beogh.
 10044 | Orc:2    | Found Fafesch's Antique Armour Shop.
 10063 | Orc:2    | Bought a scorched plate armour for 784 gold pieces
 10073 | Orc:2    | Identified the +1 plate armour of Feasting {rElec rN++ Str+2} (You bought it in a shop on level 2 of the Orcish Mines)
 10533 | Spider:1 | Entered Level 1 of the Spider Nest
 10628 | Spider:1 | Reached skill level 11 in Conjurations
 10713 | Spider:1 | Noticed an entropy weaver
 10727 | Spider:1 | Killed an entropy weaver
 10727 | Spider:1 | Reached XP level 15. HP: 40/94 MP: 14/29
 10728 | Spider:1 | Noticed Aizul
 10741 | Spider:1 | Killed Aizul
 10829 | Spider:2 | Noticed Arachne
 10837 | Spider:2 | Killed Arachne
 10876 | Spider:1 | Reached skill level 12 in Conjurations
 10996 | Spider:1 | Reached skill level 1 in Long Blades
 11185 | Spider:2 | Noticed Frances
 11432 | Spider:2 | Reached skill level 13 in Conjurations
 11492 | Spider:2 | Killed Frances
 11609 | Spider:3 | Reached skill level 14 in Conjurations
 11701 | Spider:4 | Entered Level 4 of the Spider Nest
 11771 | Spider:4 | Reached skill level 15 in Conjurations
 11791 | Spider:3 | Noticed Nikola
 11815 | Spider:3 | Killed Nikola
 11815 | Spider:3 | Reached XP level 16. HP: 89/100 MP: 0/30
 11869 | Spider:3 | Learned a level 6 spell: Conjure Ball Lightning
 12014 | Spider:4 | Reached skill level 16 in Conjurations
 12400 | Lair:4   | Reached skill level 10 in Spellcasting
 12612 | Lair:4   | Found a staircase to the Swamp.
 12637 | Swamp:1  | Entered Level 1 of the Swamp
 12688 | Swamp:2  | Reached skill level 17 in Conjurations
 12801 | Swamp:4  | Entered Level 4 of the Swamp
 12863 | Swamp:2  | Noticed a thorn hunter
 12867 | Swamp:2  | Killed a thorn hunter
 13040 | Swamp:3  | Reached skill level 10 in Invocations
 13105 | Swamp:3  | Noticed a thorn hunter
 13554 | Swamp:4  | Reached XP level 17. HP: 43/104 MP: 14/33
 13927 | Swamp:4  | Reached skill level 1 in Shields
 14206 | Swamp:4  | Got a decaying rune of Zot
 14269 | Swamp:2  | Reached skill level 5 in Long Blades
 14386 | Swamp:2  | Learned a level 6 spell: Deflect Missiles
 14407 | Swamp:1  | Reached skill level 1 in Charms
 14621 | D:13     | Found a gate to the Vaults.
 14716 | Vaults:1 | Entered Level 1 of the Vaults
 15034 | Vaults:2 | Identified a scroll of acquirement
 15044 | Vaults:2 | Got a pair of jewelled gloves
 15055 | Vaults:2 | Identified the +2 pair of gloves of Kleptomania {rC- rCorr Int+3 Stlth+} (You acquired it on level 2 of the Vaults)
 15078 | Vaults:3 | Reached skill level 5 in Charms
 15154 | Vaults:4 | HP: 2/106 [vault warden/vampiric glaive (50)]
 15156 | Vaults:4 | Noticed a sphinx
 15201 | Vaults:4 | Killed a sphinx
 15339 | Vaults:4 | Reached XP level 18. HP: 109/111 MP: 31/34
 16260 | D:13     | Got a brightly glowing bronze ring
 16262 | D:13     | Identified the ring "Unto" {+Fly rC+ Str+7 Slay-4 Stlth+} (You acquired it on level 13 of the Dungeon)
 16280 | D:13     | Learned a level 1 spell: Summon Butterflies
 16357 | D:15     | Entered Level 15 of the Dungeon
 16379 | D:15     | Found a staircase to the Depths.
 17032 | Spider:4 | Reached skill level 18 in Conjurations
 17321 | Spider:4 | HP: 3/111 [wolf spider (7)]
 17341 | Spider:4 | HP: 2/111 [something (9)]
 17341 | Spider:4 | Slain by a ghost moth

Skill      XL: |  1  2  3  4  5  6  7  8  9 10 11 12 13 14 15 16 17 18 |
---------------+-------------------------------------------------------+-----
Conjurations   | 2 3 5 6 7 10 11 15 17 18 | 18.3
Air Magic      | 2 5 8 12 13 14 | 14.8
Fighting       | 1 2 3 7 10 11 | 11.7
Armour         | 1 2 4 6 7 8 |  8.4
Fire Magic     | 1 2 |  2.1
Translocations | 1 2 |  2.4
Poison Magic   | 1 |  1.2
Spellcasting   | 4 5 6 8 9 11 | 11.7
Earth Magic    | 1 |  1.8
Dodging        | 5 8 11 12 | 12.8
Invocations    | 4 7 9 10 | 10.4
Summonings     | 2 |  2.1
Long Blades    | 4 6 9 |  9.2
Shields        | 4 |  4.1
Charms         | 6 7 |  7.6
Stealth        | |  2.0

Action                   |  1- 3 |  4- 6 |  7- 9 | 10-12 | 13-15 | 16-18 || total
-------------------------+-------+-------+-------+-------+-------+-------++-------
Melee: Unarmed           |    20 |       |       |       |       |       ||    20
       Peck              |     2 |     4 |    34 |   133 |   293 |   477 ||   943
       Kick              |     2 |    10 |    57 |   193 |   505 |   775 ||  1542
       Dagger            |     1 |       |       |       |       |       ||     1
       Short sword       |       |    44 |   147 |       |       |       ||   191
       Morningstar       |       |       |     1 |    37 |    50 |       ||    88
       Spear             |       |       |       |   394 |   661 |       ||  1055
       Scimitar          |       |       |       |       |   198 |   932 ||  1130
Throw: Tomahawk          |       |     5 |     5 |       |       |       ||    10
       Throwing net      |       |       |       |       |     2 |       ||     2
 Cast: Magic Dart        |    49 |    57 |    51 |     5 |       |       ||   162
       Mephitic Cloud    |       |     6 |    24 |    38 |    92 |    51 ||   211
       Conjure Flame     |       |     1 |     8 |    37 |    52 |     6 ||   104
       Blink             |       |       |     4 |    26 |    14 |    18 ||    62
       Stone Arrow       |       |       |    20 |    32 |    66 |    24 ||   142
       Passwall          |       |       |       |     4 |     1 |       ||     5
       Summon Lightning  |       |       |       |    18 |    36 |     7 ||    61
       Conjure Ball Ligh |       |       |       |       |       |    32 ||    32
       Silence           |       |       |       |       |       |     1 ||     1
Invok: Slouch            |       |       |       |       |     6 |     7 ||    13
       Step From Time    |       |       |       |       |       |     2 ||     2
 Abil: Fly               |       |       |       |     2 |     1 |     1 ||     4
Evoke: Wand              |       |     6 |    10 |       |    20 |    17 ||    53
       Lightning rod     |       |       |       |       |     4 |     3 ||     7
       Fan of gales      |       |       |       |       |       |     1 ||     1
  Use: Scroll            |     4 |       |     3 |     1 |    24 |    18 ||    50
       Potion            |       |       |     3 |       |     7 |    10 ||    20
 Stab: Sleeping          |     1 |       |     1 |       |     1 |       ||     3
       Confused          |       |     1 |     5 |    28 |    66 |    41 ||   141
       Distracted        |       |       |       |     5 |    11 |     2 ||    18
       Invisible         |       |       |       |       |       |     7 ||     7
       Held in net/web   |       |       |       |       |       |     1 ||     1
       Fleeing           |       |       |       |       |       |     1 ||     1
  Eat: Chunk             |       |     2 |     6 |     6 |     7 |    12 ||    33
       Ration            |       |       |       |       |     3 |     3 ||     6
Armor: Robe              |    11 |       |       |       |       |       ||    11
       Leather armour    |       |    24 |    62 |       |       |       ||    86
       Scale mail        |       |       |     2 |   132 |   175 |       ||   309
       Plate armour      |       |       |       |       |   219 |   532 ||   751
Dodge: Dodged            |    32 |    44 |   108 |   250 |  1195 |  1530 ||  3159
Block: Buckler           |       |       |       |       |       |   250 ||   250
       Rpst.: Scimitar   |       |       |       |       |    76 |   261 ||   337
